 Dungeon Crawl Stone Soup version 0.29-a0-994-gc5c9f59d18 (webtiles) character file.

Game seed: 9382301819141199299

175 coolguy69 the Sneak (level 5, -1/28 HPs)
             Began as a Vine Stalker Monk on Aug 3, 2022.
             Slain by a gnoll bouda
             ... wielding a +0 whip
              (6 damage)
             ... on level 4 of the Dungeon.
             The game lasted 00:03:03 (3589 turns).

coolguy69 the Sneak (Vine Stalker Monk)             Turns: 3589, Time: 00:03:03

Health: -1/28      AC:  0    Str: 16    XL:     5   Next: 55%
Magic:  0/6        EV: 12    Int: 10    God:
Gold:   218        SH:  9    Dex: 16    Spells: 4/4 levels left

rFire   . . .      SeeInvis .   a - +0 short sword
rCold   . . .      Faith    .   j - +0 buckler
rNeg    . . .      Spirit   +   k - +0 leather armour
rPois   .          Reflect  +   (no helmet)
rElec   .          Harm     .   (no cloak)
rCorr   .          Rampage  .   (no gloves)
Will    .....                   (no boots)
Stlth   +++.......              m - amulet of reflection
HPRegen 0.89/turn               (no ring)
MPRegen 0.10/turn               (no ring)

@: weakened, corroded, attractive
A: fangs 2, regeneration 1, magic shield, antimagic bite, no potion heal 2
a: no special abilities


You were on level 4 of the Dungeon.
You visited 1 branch of the dungeon, and saw 4 of its levels.

You collected 218 gold pieces.

Inventory:

Hand Weapons
 a - a +0 short sword (weapon)
Missiles
 i - a throwing net (quivered)
Armour
 j - a +0 buckler (worn)
 k - a +0 leather armour (worn)
Jewellery
 l - a ring of fire
 m - an amulet of reflection (around neck)
Scrolls
 b - 3 scrolls of identify {unknown}
 e - a scroll of noise {unknown}
 g - a scroll of teleportation {unknown}
 n - 2 scrolls of magic mapping {unknown}
 o - a scroll of blinking {unknown}
Potions
 c - a potion of ambrosia
 f - 2 potions of cancellation


   Skills:
 + Level 3.2 Fighting
 + Level 3.6 Short Blades
 + Level 0.6 Armour
 + Level 3.1 Dodging
 + Level 4.4 Stealth
 + Level 0.1 Shields


You had 4 spell levels left.
You didn't know any spells.
Your spell library contained the following spells:

 Spells                   Type           Power      Damage    Failure   Level
 Conjure Flame            Conj/Fire      0%         6-21      88%         3
 Ignite Poison            Fire/Tmut/Pois 0%         N/A       88%         3
 Sticky Flame             Conj/Fire      0%         2d3       99%         4


Dungeon Overview and Level Annotations

Branches:
Dungeon (4/15)
 Temple: D:4-7

Altars:
Gozag

Shops:
D:1 ?


Innate Abilities, Weirdness & Mutations

You have extremely sharp teeth.
Your natural rate of healing is unusually fast.
When hurt, damage is shared between your health and your magic reserves.
Your bite disrupts and absorbs the magic of your enemies.
Potions cannot restore your health.


Message History

The endoplasm freezes you.
You are frozen.
You hit the endoplasm.
The endoplasm is severely wounded.
A goblin comes into view. It is wielding a +0 club.
The endoplasm hits you.
You hit the endoplasm but do no damage.
The endoplasm is severely wounded.
You block the endoplasm's attack.
You hit the endoplasm but do no damage.
The endoplasm is severely wounded.
The gnoll bouda gazes fiercely through you!
You feel your attacks grow feeble. You block the endoplasm's attack.
You completely miss the endoplasm.
You bite the endoplasm, but do no damage.
The endoplasm is severely wounded.
The endoplasm freezes you.
You are frozen.
The gnoll bouda barks out a call to the hunt!
The gnoll bouda picks up the pace!
You hit the endoplasm.
You kill the endoplasm!
It was a potion of attraction.
You feel attractive to monsters.
The gnoll bouda hits you with a +0 whip!
* * * LOW HITPOINT WARNING * * *
It was a potion of magic.
Magic courses through your body.
The gnoll bouda gazes fiercely through you!
You feel as though you will be weak longer.
The gnoll bouda closely misses you.
It was a potion of curing.
That felt strangely inert.
The gnoll bouda hits you with a +0 whip!
* * * LOW HITPOINT WARNING * * *
The gnoll bouda attacks as you move away!
You block the gnoll bouda's attack.
The gnoll bouda attacks as you move away!
You block the gnoll bouda's attack.
The gnoll bouda hits you with a +0 whip!
You die... ~~~~.
P.. ~g.~ P..# Pg#

#..# #g# #..#
#g# #..#####
#.# #.......
#.#)###.......
#..gJ.g.#
#.#####@# ...
#.# #.# #.# #.#
#.# # #.#####.#
#.......#
####.#### #
#.####.####....
#...........#


You could see 2 gnoll boudas and an endoplasm.

Vanquished Creatures
  A jelly (D:4)
  5 adders
  2 worms (D:2)
  6 dart slugs
  An orc (D:3)
  8 endoplasms
  3 giant cockroaches
  6 goblins
  8 hobgoblins
  4 jackals (D:3)
  8 kobolds
  2 quokkas (D:1)
  3 ball pythons
  7 bats
  7 frilled lizards
  10 rats
81 creatures vanquished.

Notes
Turn   | Place    | Note
-------+----------+-------------------------------------------
     0 | D:1      | coolguy69 the Vine Stalker Monk began the quest for the
                  | Orb.
     0 | D:1      | Reached XP level 1. HP: 11/11 MP: 2/2
   363 | D:1      | Reached XP level 2. HP: 16/16 MP: 3/3
   839 | D:1      | Found Ymost's Magic Scroll Shoppe.
   898 | D:1      | Found a faded altar of an unknown god.
   936 | D:1      | Reached XP level 3. HP: 20/20 MP: 4/4
  1426 | D:2      | Reached skill level 3 in Stealth
  1935 | D:2      | Gained mutation: Your natural rate of healing is unusually
                  | fast. [Vine Stalker growth]
  1935 | D:2      | Reached XP level 4. HP: 7/24 MP: 2/5
  3093 | D:3      | Reached skill level 4 in Stealth
  3093 | D:3      | Reached XP level 5. HP: 26/28 MP: 4/6
  3401 | D:3      | Found an opulent altar of Gozag.
  3589 | D:4      | Slain by a gnoll bouda

Illustrated notes

Levels and vault maps discovered:
D:1:      dpeg_arrival_tiny_g, layout_loops_ring, serial_shops, shop,
          hellmonk_ecumenical_altar_heavens_door, minmay_misc_feat_rugged
D:2:      kennysheep_big_flooded_room, layout_basic,
          wander_ebering_terrifying_dragon_lair
D:3:      layout_basic, nicolae_gozag_seed_capital, roderic_roman_lattice
D:4:      kb_forest_paths, layout_loops_ring, overflow_temple_1_default,
          minmay_temple_entry_gardened_gates, st_stairs_4, serial_bayou_pond_b,
          minmay_bisected

Skill      XL: |  1  2  3  4 |
---------------+-------------+-----
Fighting       | 3 |  3.2
Stealth        | 3 4 |  4.4
Short Blades   | 3 |  3.6
Dodging        | 3 |  3.1
Armour         | |  0.6
Shields        | |  0.1

Action                   |  1- 3 |  4- 6 || total
-------------------------+-------+-------++-------
Melee: Short sword       |   133 |   108 ||   241
       Bite              |    22 |    27 ||    49
       Punch             |     1 |       ||     1
  Use: Potion            |     3 |     3 ||     6
 Stab: Sleeping          |     8 |    15 ||    23
Armor: Robe              |    27 |     1 ||    28
       Skin              |    52 |       ||    52
       Leather armour    |       |    12 ||    12
Dodge: Dodged            |    71 |    43 ||   114
Block: Buckler           |       |    20 ||    20

Table legend: (Time is in decaauts)
 A = Elapsed time spent in this place.
 B = Non-inter-level travel time spent in this place.
 C = Inter-level travel time spent in this place.
 D = Time resting spent in this place.
 E = Time spent auto-exploring this place.
 F = Levels seen in this place.
 G = Mean time per level.
                   A        B        C        D        E       F      G
               +--------+--------+--------+--------+--------+-----+--------+
         Total |   3585 |   3459 |    126 |    449 |   2445 |   4 |  896.2 |
       Dungeon |   3585 |   3459 |    126 |    449 |   2445 |   4 |  896.2 |
               +--------+--------+--------+--------+--------+-----+--------+

Top non-repeatable levels by time:
     D:2: 1556 daAuts
     D:1: 1224 daAuts
     D:3: 751 daAuts
     D:4: 52 daAuts
